 Dungeon Crawl Stone Soup version 0.18.1-47-g9310371 (webtiles) character file.

9 Gargoyl the Skirmisher (level 2, -2/24 HPs)
             Began as a Demonspawn Abyssal Knight on June 19, 2016.
             Was a Follower of Lugonu.
             Slain by a hobgoblin
             ... wielding a +0 club
              (3 damage)
             ... on level 1 of the Dungeon.
             The game lasted 00:01:46 (377 turns).

Gargoyl the Skirmisher (Demonspawn Abyssal Knight)   Turns: 377, Time: 00:01:47

Health: -2/24      AC:  8    Str: 12    XL:     2   Next: 6%
Magic:  0/3        EV:  5    Int: 13    God:    Lugonu [*.....]
Gold:   6          SH:  0    Dex: 12    Spells: 0 memorised, 1 level left

rFire  . . .     SeeInvis .     a - +1 hand axe
rCold  . . .     Gourm    .     e - +0 chain mail (curse)
rNeg   . . .     Faith    .     (no shield)
rPois  .         Spirit   +     (no helmet)
rElec  .         Dismiss  .     (no cloak)
rCorr  .         Reflect  .     (no gloves)
SustAt .         Harm     .     (no boots)
MR     .....                    f - amulet of guardian spirit
Stlth  ..........               (no ring)
                                (no ring)

@: not resistant to hostile enchantments, extremely unstealthy
A: magic shield
a: Depart the Abyss, Renounce Religion


You were on level 1 of the Dungeon.
You worshipped Lugonu.
Lugonu was aware of your devotion.
You were not hungry.

You visited 1 branch of the dungeon, and saw 1 of its levels.
You visited the Abyss 1 time.

You collected 6 gold pieces.

Inventory:

Hand Weapons
 a - a +1 hand axe (weapon)
Armour
 e - a cursed +0 chain mail (worn)
Jewellery
 f - an amulet of guardian spirit (around neck)
Potions
 d - a potion of curing {unknown}
Comestibles
 b - a meat ration
 c - a bread ration


   Skills:
 + Level 3.2 Fighting
 + Level 2.0 Axes
 * Level 2.0 Armour
 + Level 0.8 Dodging
 + Level 2.4 Invocations


You had one spell level left.
You didn't know any spells.

Dungeon Overview and Level Annotations

Branches:
Dungeon (1/15)

Altars:


Innate Abilities, Weirdness & Mutations

When hurt, damage is shared between your health and your magic reserves.


Message History

The hobgoblin barely misses you. The goblin hits you but does no damage.
The hobgoblin hits you but does no damage.
The goblin hits you with a dagger.
* * * LOW HITPOINT WARNING * * *
The kobold hits you.
The hobgoblin hits you but does no damage.
The goblin completely misses you. The kobold completely misses you.
The hobgoblin barely misses you. The goblin hits you but does no damage.
The kobold hits you but does no damage. The goblin hits you but does no damage.
The hobgoblin barely misses you. The kobold hits you but does no damage.
The goblin barely misses you. The hobgoblin hits you with a club.
* * * LOW HITPOINT WARNING * * *
The kobold hits you but does no damage. The goblin hits you but does no damage.
The kobold closely misses you.
The hobgoblin hits you but does no damage.
The goblin hits you with a dagger.
* * * LOW HITPOINT WARNING * * *
The kobold hits you but does no damage. The hobgoblin hits you with a club.
You die...

.# . #.# #....# .. .####.#
#....# ... .....# #...$#
....##...# #.%..#
..?......# #g(..#
.....Kg#K###############
###@g...............
#...................
.........#................
#....#....................
##########################
###....## #....#
##.......## #....#
##.........## #....#
##...........#### #....#


You could see a hobgoblin, a goblin and 2 kobolds.

Vanquished Creatures
  An ufetubus (Abyss:1)
  A bat (D:1)
  A hobgoblin (D:1)
  2 rats (D:1)
5 creatures vanquished.

Notes
Turn   | Place    | Note
--------------------------------------------------------------
     0 | Abyss:1  | Gargoyl the Demonspawn Abyssal Knight began the quest for the Orb.
     0 | Abyss:1  | Reached XP level 1. HP: 18/18 MP: 2/2
    48 | Abyss:1  | Noticed a blizzard demon
    69 | Abyss:1  | Noticed a starcursed mass
    71 | Abyss:1  | Noticed a large abomination
    85 | Abyss:1  | Noticed a small abomination
   152 | D:1      | Escaped the Abyss
   207 | D:1      | Gained mutation: When hurt, damage is shared between your health and your magic reserves. [demonic ancestry]
   207 | D:1      | Reached XP level 2. HP: 24/24 MP: 3/3
   215 | D:1      | Reached * piety under Lugonu
   377 | D:1      | HP: 1/24 [goblin/dagger (1)]
   377 | D:1      | Slain by a hobgoblin

Skill      XL: |  1 |
---------------+----+-----
Armour         | 2 |  2.0
Axes           | 2 |  2.0
Fighting       | |  3.2
Dodging        | |  0.8
Invocations    | |  2.4

Action                   || total
-------------------------++-------
Melee: Hand axe          ||    15
Invok: Depart the Abyss  ||     1
Armor: Chain mail        ||    83
Dodge: Dodged            ||    40
